 Dungeon Crawl Stone Soup version 0.25-a0-317-g5f8687bca5 (webtiles) character file.

Game seed: 15487228203562621590, levelgen mode: deterministic

21186 FluffGlitter the Basher (level 12, -2/77 HPs)
             Began as a Gargoyle Fighter on Dec 25, 2019.
             Was an Initiate of Gozag.
             Slain by a black mamba (10 damage)
             ... on level 2 of the Lair of Beasts on Dec 26, 2019.
             The game lasted 01:57:20 (17973 turns).

FluffGlitter the Basher (Gargoyle Fighter)         Turns: 17973, Time: 01:57:20

Health: -2/77      AC: 28    Str: 33    XL:     12   Next: 87%
Magic:  24/24      EV:  7    Int: 10    God:    Gozag
Gold:   2071       SH: 12    Dex:  9    Spells: 11/11 levels left

rFire    . . .     SeeInvis .   W - +0 morningstar
rCold    . . .     Gourm    .   c - +0 shield
rNeg     + . .     Faith    .   Q - +0 plate armour
rPois    ∞         Spirit   .   (no helmet)
rElec    +         Reflect  .   M - +2 cloak
rCorr    +         Harm     .   A - +0 pair of gloves
MR       .....                  (no boots)
Stlth    ..........             K - amulet of Sif Muna's Favour {RegenMP +Blink +Inv MR- Str+4}
HPRegen  0.22/turn              P - ring of magical power
MPRegen  0.44/turn              m - ring of resist corrosion

@: mighty, studying Staves
A: negative energy resistance 1, electricity resistance, unbreathing,
petrification resistance, rot immunity, AC +8
a: Potion Petition, Call Merchant, Bribe Branch, Renounce Religion, Evoke Blink,
Evoke Invisibility


You were on level 2 of the Lair of Beasts.
You worshipped Gozag.
Gozag was most pleased with you.
You were near starving.

You visited 3 branches of the dungeon, and saw 15 of its levels.

You collected 2470 gold pieces.
You spent 318 gold pieces at shops.
You paid 81 gold pieces to Gozag.

Inventory:

Hand Weapons
 e - a +0 mace of protection
   (You took it off an orc priest on level 9 of the Dungeon)
 w - a +1 hand axe of venom
   (You found it on level 4 of the Dungeon)
 R - a +1 flail of draining
   (You bought it in a shop on level 10 of the Dungeon)
 W - a +0 morningstar (weapon)
   (You took it off an orc on level 11 of the Dungeon)
Missiles
 g - 12 boomerangs (quivered)
Armour
 a - a +0 pair of boots of stealth
   (You found it on level 1 of the Lair of Beasts)
 b - a +1 scale mail
 c - a +0 shield (worn)
 p - a +1 leather armour of fire resistance
   (You took it off a hobgoblin on level 2 of the Dungeon)
 A - a +0 pair of gloves (worn)
   (You found it on level 5 of the Dungeon)
 M - a +2 cloak (worn)
   (You found it on level 8 of the Dungeon)
 Q - a +0 plate armour (worn)
   (You took it off an orc warrior on level 9 of the Dungeon)
 V - a +0 chain mail of poison resistance
   (You found it on level 11 of the Dungeon)
Jewellery
 m - a ring of resist corrosion (right hand)
   (You found it on level 2 of the Dungeon)
 H - a +4 amulet of reflection
   (You found it on level 2 of the Dungeon)
 K - the amulet of Sif Muna's Favour (around neck) {RegenMP +Blink +Inv MR- Str+4}
   (You found it on level 7 of the Dungeon)

   [amulet of magic regeneration]

   It increases your magic regeneration.
   It affects your strength (+4).
   It affects your resistance to hostile enchantments.
   It lets you turn invisible.
   It lets you blink.
 P - a ring of magical power (left hand)
   (You found it on level 2 of the Dungeon)
 T - the ring of Jeqorph {Str+3 SInv}
   (You took it off a centaur on level 11 of the Dungeon)

   [ring of see invisible]

   It affects your strength (+3).
   It lets you see invisible.
Wands
 d - a wand of iceblast (11)
   (You found it on level 5 of the Dungeon)
 s - a wand of clouds (4)
   (You found it on level 3 of the Dungeon)
 t - a wand of flame (17)
   (You found it on level 7 of the Dungeon)
 u - a wand of paralysis (1)
   (You found it on level 8 of the Dungeon)
 v - a wand of digging (6)
   (You found it on level 9 of the Dungeon)
 E - a wand of polymorph (9)
   (You found it on level 6 of the Dungeon)
 U - a wand of enslavement (12)
   (You found it on level 11 of the Dungeon)
Scrolls
 j - a scroll of noise {unknown}
 k - 2 scrolls of enchant armour
 l - 3 scrolls of teleportation {@r4}
 n - 6 scrolls of identify {@r1}
 o - 3 scrolls of magic mapping
 r - 2 scrolls of fog
 x - a scroll of immolation {!r}
 y - a scroll of amnesia {unknown}
 z - 6 scrolls of blinking
 F - 4 scrolls of remove curse {@r2}
 G - 2 scrolls of acquirement {unknown}
 I - 2 scrolls of enchant weapon {unknown}
 L - a scroll of vulnerability {unknown}
 N - a scroll of fear {unknown}
 Z - a scroll of random uselessness {unknown}
Potions
 h - 3 potions of curing {@q1}
 i - a potion of ambrosia
 q - 4 potions of flight
 C - a potion of brilliance
 J - 2 potions of cancellation
 O - a potion of magic
 S - a potion of agility
 Y - a potion of haste {@q3}
Books
 B - a manual of Staves {!d}
   (You found it on level 5 of the Dungeon)
Miscellaneous
 X - a sack of spiders
Comestibles
 f - 8 rations {!d}


   Skills:
 + Level 10.1 Fighting
 + Level 14.5 Maces & Flails
 - Level 1.1 Throwing
 + Level 10.4 Armour
 - Level 0.2 Dodging
 + Level 7.6 Shields
 - Level 4.0 Evocations


You had 11 spell levels left.
You didn't know any spells.
Your spell library contained the following spells:

 Spells                   Type           Power        Failure   Level  Hunger
 Poisonous Vapours        Pois/Air       #.....       100%        2    ###....
 Conjure Flame            Conj/Fire      #.......     100%        3    ####...
 Mephitic Cloud           Conj/Pois/Air  #.......     100%        3    ####...
 Freezing Cloud           Conj/Ice/Air   #.........   100%        6    #######
 Ring of Flames           Chrm/Fire      #.........   100%        7    #######


Dungeon Overview and Level Annotations

Branches:
Dungeon (12/15)            Temple (1/1) D:5            Lair (2/6) D:8
  Snake (0/4) Lair:2
  Swamp: Lair:2-4    Shoals: Lair:2-4       Orc: D:9-12

Altars:
Ashenzari
Cheibriados
Dithmenos
Elyvilon
Fedhas
Gozag
Hepliaklqana
Kikubaaqudgha
Makhleb
Nemelex Xobeh
Okawaru
Qazlal
Ru
Sif Muna
Trog
Uskayaw
Vehumet
Wu Jian
Xom
Yredelemnul
Zin
The Shining One
Lugonu

Shops:
D:5 (   D:7 *   D:9 ?   D:10 ((

Annotations:
D:9 2 transporters
D:11 exclusion: obsidian statue
Lair:1 exclusion: 2 oklob plants


Innate Abilities, Weirdness & Mutations

You are resistant to torment.
Your stone body is resilient. (AC +8)
You are immune to poison.
You resist negative energy. (rN+)
You are resistant to electric shocks. (rElec)
You can survive without breathing.
You are immune to petrification.
You are immune to rotting.


Message History

You hit the blink frog.
The blink frog blinks! x3
You miss the blink frog. You block the blink frog's attack. x2
You barely miss the blink frog. The blink frog hits you!
* * * LOW HITPOINT WARNING * * *
Blink to where?
You can't see that place. [some shallow water.]
Okay, then.
You don't know any spells.
As you read the scroll of teleportation {@r4}, it crumbles to dust.
You feel strangely unstable. You block the blink frog's attack.
The blink frog blinks!
The blink frog hits you!
* * * LOW HITPOINT WARNING * * *
The blink frog blinks!
You block the blink frog's attack.
The blink frog blinks! x2
The blink frog hits you but does no damage.
You impale the plant!!
The blink frog blinks!
The blink frog barely misses you.
The blink frog hits the plant.
The blink frog blinks!
You block the blink frog's attack.
The blink frog blinks!
You completely miss the blink frog.
Your surroundings suddenly seem different.
A basilisk comes into view.
The basilisk hisses angrily.
An adder comes into view.
The adder hisses angrily.
A water moccasin comes into view.
The water moccasin hisses angrily.
A black mamba comes into view.
The black mamba hisses angrily.
A water moccasin comes into view.
The water moccasin hisses angrily.
A water moccasin comes into view.
You block the black mamba's attack.
The water moccasin bites you but does no damage.
Found a staircase to the Snake Pit.
A black mamba comes into view.
You feel better.
The water moccasin hisses angrily.
You block the black mamba's attack. x2
The black mamba bites you but does no damage.
You block the water moccasin's attack. The black mamba barely misses you.
The black mamba bites you but does no damage.
The black mamba bites you.
* * * LOW HITPOINT WARNING * * *
You miss the black mamba. The black mamba bites you.
* * * LOW HITPOINT WARNING * * *
The black mamba bites you!
You die...
Your body crumbles into a pile of gold.

..... .....
..P... ..>SS. .
#..P..# #####..
#.P..Sl#.....P.
#S.........
###SS##....
#@S## . #### #.
.. ##. .. #
#..## ##.. .#
##.#..#.#. .##
......... ...
........ ..


You could see 2 black mambas and a water moccasin.

Vanquished Creatures
  A hydra (Lair:1)
  Harold (D:7)
  A two-headed ogre (D:11)
  A flayed ghost (D:8)
  2 unseen horrors (D:11)
  An ugly thing (D:11)
  A black mamba (Lair:1)
  6 spiny frogs
  A gargoyle (D:11)
  A rime drake (Lair:1)
  A merfolk (D:10)
  2 trolls (D:9)
  Grinder (D:6)
  A hornet (D:11)
  3 blink frogs (Lair:1)
  6 hippogriffs
  3 shadows
  2 wyverns
  4 wraiths (D:8)
  14 yaks
  9 fire bats
  Eustachio (D:5)
  2 humans (D:8)
  A basilisk (Lair:1)
  2 hungry ghosts (D:9)
  A steam dragon (D:9)
  5 vampire mosquitoes
  A warg (D:8)
  2 water moccasins
  A sky beast (D:10)
  A floating eye (Lair:1)
  5 porcupines
  2 black bears
  2 orc warriors
  6 ogres
  3 phantoms
  2 necrophages
  6 centaurs
  2 crocodiles (Lair:1)
  3 big kobolds
  7 bullfrogs
  A wyvern zombie (D:4)
  A wyvern skeleton (D:11)
  3 scorpions
  9 howler monkeys
  3 crimson imps
  A centaur zombie (D:5)
  2 bullfrog zombies
  7 hounds
  A jelly (D:8)
  3 centaur skeletons
  7 orc priests
  6 iguanas
  Jessica (D:2)
  7 orc wizards
  8 worker ants
  A hound zombie (D:5)
  A worker ant zombie (D:7)
  10 adders
  6 gnolls
  2 oozes
  2 adder skeletons
  7 worms
  3 leopard geckos
  36 orcs
  85 bats
  2 giant cockroaches
  4 goblins
  9 hobgoblins
  9 jackals
  14 kobolds
  5 quokkas
  2 ball pythons
  3 frilled lizards
  A jackal zombie (D:5)
  5 rats
384 creatures vanquished.

Vanquished Creatures (others)
  An orc (D:8)
  2 kobolds
  6 fungi
  2 plants
11 creatures vanquished.

Grand Total: 395 creatures vanquished

Notes
Turn   | Place    | Note
-------+----------+-------------------------------------------
     0 | D:1      | FluffGlitter the Gargoyle Fighter began the quest for the
                  | Orb.
     0 | D:1      | Reached XP level 1. HP: 14/14 MP: 1/1
   292 | D:2      | Noticed Jessica
   309 | D:1      | Reached XP level 2. HP: 17/19 MP: 2/2
  1082 | D:2      | Reached XP level 3. HP: 22/23 MP: 3/3
  1117 | D:2      | Killed Jessica
  1117 | D:2      | Reached skill level 3 in Maces & Flails
  1291 | D:2      | Reached XP level 4. HP: 28/28 MP: 4/4
  2106 | D:2      | Reached skill level 4 in Maces & Flails
  2248 | D:2      | Reached XP level 5. HP: 23/32 MP: 5/5
  2678 | D:3      | Reached skill level 5 in Maces & Flails
  3136 | D:5      | Entered Level 5 of the Dungeon
  3163 | D:4      | Found an ornate altar of the Wu Jian Council.
  3163 | D:4      | Found a sacrificial altar of Ru.
  3164 | D:4      | Found a snail-covered altar of Cheibriados.
  3164 | D:4      | Found a glowing silver altar of Zin.
  3165 | D:4      | Found a blossoming altar of Fedhas.
  3165 | D:4      | Found a stormy altar of Qazlal.
  3165 | D:4      | Found a radiant altar of Vehumet.
  3165 | D:4      | Found an ancient bone altar of Kikubaaqudgha.
  3243 | D:4      | Reached XP level 6. HP: 9/37 MP: 6/6
  3547 | D:4      | Reached skill level 6 in Maces & Flails
  3809 | D:4      | Found a shimmering blue altar of Sif Muna.
  3994 | D:4      | Noticed a phantom
  4005 | D:4      | Killed a phantom
  4005 | D:4      | Reached XP level 7. HP: 37/41 MP: 7/7
  4112 | D:4      | Reached skill level 7 in Maces & Flails
  4222 | D:4      | Found a shimmering altar of Xom.
  4324 | D:5      | Found Riaclur's Weapon Shop.
  4510 | D:5      | Noticed Eustachio
  4547 | D:5      | Killed Eustachio
  4547 | D:5      | Reached skill level 8 in Maces & Flails
  4841 | D:5      | Found a staircase to the Ecumenical Temple.
  4847 | Temple   | Entered the Ecumenical Temple
  5039 | D:5      | Reached XP level 8. HP: 10/47 MP: 8/8
  5361 | D:5      | Noticed a hippogriff
  5834 | D:5      | Killed a hippogriff
  5834 | D:5      | Reached skill level 9 in Maces & Flails
  6386 | D:6      | Found a stormy altar of Qazlal.
  6434 | D:6      | Noticed Grinder
  6510 | D:7      | Reached skill level 10 in Maces & Flails
  6577 | D:6      | Paralysed by Grinder for 5 turns
  6587 | D:6      | Killed Grinder
  6587 | D:6      | Reached skill level 1 in Throwing
  6847 | D:7      | Noticed a hippogriff
  6863 | D:6      | Reached XP level 9. HP: 52/52 MP: 9/9
  6891 | D:6      | Reached skill level 11 in Maces & Flails
  7083 | D:7      | Noticed Harold
  7395 | D:7      | Killed Harold
  7395 | D:7      | Reached skill level 5 in Fighting
  7395 | D:7      | Reached skill level 1 in Evocations
  7727 | D:7      | Reached skill level 12 in Maces & Flails
  7819 | D:7      | Got a scorched ivory amulet
  7839 | D:7      | Found an opulent altar of Gozag.
  7842 | D:7      | Found Gozag's Platinum Reserve.
  7855 | D:7      | Became a worshipper of Gozag Ym Sagoz the Greedy
  7892 | D:7      | Reached skill level 5 in Armour
  7892 | D:7      | Reached XP level 10. HP: 55/60 MP: 10/10
  8409 | D:8      | Found a shadowy altar of Dithmenos.
  8416 | D:8      | Noticed Maurice
  8432 | D:8      | Paralysed by something for 4 turns
  8438 | D:8      | Noticed Maurice
  8452 | D:8      | Killed Maurice the warg
  8738 | D:8      | Found a basalt altar of Yredelemnul.
  8907 | D:8      | Found an iron altar of Okawaru.
  9219 | D:8      | Found a runed translucent door.
  9256 | D:8      | Found a stormy altar of Qazlal.
  9364 | D:7      | Identified the amulet of Sif Muna's Favour {RegenMP +Blink
                  | +Inv MR- Str+4} (You found it on level 7 of the Dungeon)
  9666 | D:8      | Reached skill level 13 in Maces & Flails
  9746 | D:8      | Noticed a flayed ghost
  9748 | D:8      | Found the +8 demon blade "Bloodbane" {slice, *Rage +Rage
                  | Stlth-}
  9781 | D:8      | Found a sacrificial altar of Ru.
  9826 | D:8      | Found a basalt altar of Yredelemnul.
  9938 | D:8      | Found a shimmering blue altar of Sif Muna.
 10208 | D:8      | Found a hide-covered altar of Uskayaw.
 10385 | D:8      | Found a hide-covered altar of Uskayaw.
 10537 | D:8      | Found a staircase to the Lair.
 10611 | D:8      | Reached XP level 11. HP: 62/67 MP: 11/11
 10703 | D:8      | Found a white marble altar of Elyvilon.
 11036 | D:9      | Found a transporter.
 11398 | D:9      | Found Holaddam's Magic Scroll Shoppe.
 11547 | D:9      | Bought 3 scrolls of teleportation for 99 gold pieces
 11547 | D:9      | Bought a scroll of teleportation for 33 gold pieces
 11556 | D:10     | Entered Level 10 of the Dungeon
 11929 | D:9      | Found a transporter.
 12592 | D:9      | Reached skill level 14 in Maces & Flails
 13095 | D:10     | Found Ylodele Omyh's Weapon Emporium.
 13119 | D:11     | Noticed a two-headed ogre
 13486 | D:10     | Found Xayshrao's Weapon Boutique.
 13491 | D:10     | Bought a +1 flail of draining for 186 gold pieces
 14310 | D:10     | Reached skill level 5 in Shields
 14506 | D:11     | Killed a two-headed ogre
 14810 | D:11     | Killed an unseen horror
 14899 | D:11     | Reached XP level 12. HP: 75/75 MP: 14/14
 15022 | D:11     | Identified the ring of Jeqorph {Str+3 SInv}
 16164 | D:8      | Got a dazzling rapier
 16216 | Lair:1   | Entered Level 1 of the Lair of Beasts
 16217 | Lair:1   | Upgraded the game from 0.25-a0-316-gd28d56f9c5 to
                  | 0.25-a0-317-g5f8687bca5
 16848 | Lair:1   | Noticed a seven-headed hydra
 17015 | Lair:1   | Paralysed by a floating eye for 4 turns
 17028 | Lair:1   | Reached skill level 10 in Armour
 17661 | Lair:1   | Killed a seven-headed hydra
 17857 | Lair:2   | Reached skill level 10 in Fighting
 17964 | Lair:2   | HP: 1/77 [blink frog (10)]
 17969 | Lair:2   | Found a staircase to the Snake Pit.
 17973 | Lair:2   | Slain by a black mamba

Levels and vault maps discovered:
D:1:      onia_arrival_pentagram, layout_basic, kennysheep_small_spiral
D:2:      layout_loops_ring, uniq_jessica
D:3:      layout_rooms, serial_rivers, chequers_serial_rivers_micro_c,
          chequers_serial_rivers_micro_e, chequers_serial_rivers_small_3,
          chequers_serial_rivers_micro_c, chequers_serial_rivers_small_a,
          first_ration
D:4:      layout_basic, kennysheep_mini, tgw_sif, grunt_temple_overflow_open
D:5:      layout_loops_ring, minmay_temple_entry_fiery, serial_shops, shop,
          minmay_manual_mail, uniq_eustachio
D:6:      lemuel_ice_spiral_2, layout_rooms, lemuel_tele_altar, uniq_grinder
D:7:      layout_loops_ring, nicolae_gozag_zags_fifth_avenue, uniq_harold
D:8:      due_megacathedral, layout_basic, kennysheep_ying_yang, okawaru_humans,
          old_standard_altar, lair_entry_dummy, uniq_maurice
D:9:      gammafunk_cloud_chamber, layout_basic, serial_shops, shop
D:10:     layout_basic, serial_shops, nicolae_shop_trees, shop,
          hangedman_fish_farm
D:11:     layout_big_octagon, enter_bailey_7, minivault_16,
          minmay_increasing_density
D:12:     layout_cave_pools, orc_0_dummy
Temple:   corrupted_temple
Lair:1:   layout_regular_city, disabler_island
Lair:2:   minmay_lair_venomous_thicket, layout_loops_ring,
          minmay_snake_entry_six_corridors, infiniplex_staircase_pool_2

Skill      XL: |  1  2  3  4  5  6  7  8  9 10 11 12 |
---------------+-------------------------------------+-----
Maces & Flails | 3 4 5 6 8 10 12 13 14 | 14.5
Throwing       | 1 |  1.1
Fighting       | 5 7 8 10 | 10.1
Armour         | 5 6 9 10 | 10.4
Evocations     | 1 3 4 |  4.0
Shields        | 5 7 |  7.6
Dodging        | |  0.2

Action                   |  1- 3 |  4- 6 |  7- 9 | 10-12 || total
-------------------------+-------+-------+-------+-------++-------
Melee: Flail             |    88 |   212 |   336 |  1021 ||  1657
       Mace              |       |       |       |   114 ||   114
       Morningstar       |       |       |       |   254 ||   254
Throw: Boomerang         |       |       |    13 |     2 ||    15
Invok: Potion Petition   |       |       |       |     1 ||     1
 Abil: Evoke Blink       |       |       |       |     1 ||     1
Evoke: Wand              |       |       |     3 |     4 ||     7
       Sack of spiders   |       |       |       |     2 ||     2
  Use: Potion            |       |     1 |     6 |     3 ||    10
       Scroll            |       |       |     9 |    11 ||    20
 Stab: Invisible         |       |       |     3 |       ||     3
       Distracted        |       |       |       |     4 ||     4
  Eat: Chunk             |     1 |     9 |     5 |       ||    15
       Ration            |       |       |     3 |    10 ||    13
Armor: Scale mail        |    54 |   115 |   183 |   422 ||   774
       Plate armour      |       |       |       |   476 ||   476
Dodge: Dodged            |    45 |    61 |    74 |   332 ||   512
Block: Shield            |    47 |   113 |   227 |   734 ||  1121
       Reflection        |       |       |     4 |     6 ||    10

Table legend:
 A = Non-vault XP
 B = Vault XP
 C = Vault XP percentage of total XP
 D = Non-vault monster count
 E = Vault monster count
 F = Vault count percentage of total count
                 A         B        C        D         E       F
            +---------+---------+-------+---------+---------+-------
      Total |   24257 |    6009 |  19.9 |     355 |      30 |   7.8
            +---------+---------+-------+---------+---------+-------
        D:1 |      15 |       0 |   0.0 |      10 |       0 |   0.0
        D:2 |     160 |      37 |  18.8 |      25 |       1 |   3.8
        D:3 |      59 |       0 |   0.0 |      13 |       0 |   0.0
        D:4 |     472 |       0 |   0.0 |      17 |       0 |   0.0
        D:5 |     424 |     286 |  40.3 |       5 |       4 |  44.4
        D:6 |     853 |     277 |  24.5 |      20 |       1 |   4.8
        D:7 |    1704 |     970 |  36.3 |      28 |       1 |   3.4
        D:8 |    2543 |    2354 |  48.1 |     106 |       9 |   7.8
        D:9 |    2389 |       0 |   0.0 |      37 |       0 |   0.0
       D:10 |    3974 |     313 |   7.3 |      31 |       1 |   3.1
       D:11 |    3688 |    1618 |  30.5 |      32 |      11 |  25.6
     Lair:1 |    6184 |     141 |   2.2 |      23 |       1 |   4.2
     Lair:2 |    1792 |      13 |   0.7 |       8 |       1 |  11.1
            +---------+---------+-------+---------+---------+-------
